 Dungeon Crawl Stone Soup version 0.29.1-13-g9f3cf754e1 (webtiles) character file.

Game seed: 3907242917755545694

2942486 Atlar the Merry Kobold (level 27, 176/176 HPs)
             Began as a Kobold Hunter on Feb 8, 2023.
             Was an Initiate of Gozag.
             Escaped with the Orb
             ... and 5 runes on Feb 9, 2023!
             The game lasted 06:43:52 (77335 turns).

Atlar the Merry Kobold (Kobold Hunter)             Turns: 77335, Time: 06:43:52

Health: 176/176    AC: 46    Str: 19    XL:     27
Magic:  40/40      EV: 40    Int: 12    God:    Gozag
Gold:   1664       SH:  8    Dex: 38    Spells: 22/52 levels left

rFire   + + .      SeeInvis +   m - +9 triple crossbow (vorpal)
rCold   + + .      Faith    .   (shield currently unavailable)
rNeg    . . .      Spirit   +   T - +12 shadow dragon scales of Wisdom {+Blink rC- Int+2 Stlth++++}
rPois   +          Reflect  .   N - +1 helmet of the Fletcher {Will++ Str+7 Slay-2}
rElec   .          Harm     .   c - +2 cloak {rPois}
rCorr   .          Rampage  .   y - +2 pair of gloves "Nenau" {rF+ Dex+6}
Will    ++++.      Clarity  +   j - +2 pair of boots {Stlth+}
Stlth   ++++......              v - brooch of Shielding {Spirit SH+8}
HPRegen 0.39/turn               w - ring of Poaner {rF+ rC+}
MPRegen 0.27/turn               e - ring "Atonan" {rC++ Int-3 Dex+6 SInv Stlth+}

@: gold aura, bribing [the Dungeon]
A: small, no large weapons, nightstalker 3, camouflage 1, clarity, mutation
resistance 1, wild magic 1, inability to read after injury 1
0: Orb of Zot
}: 5/15 runes: decaying, slimy, silver, abyssal, gossamer
a: Renounce Religion, Evoke Blink, Potion Petition, Call Merchant, Bribe Branch


You escaped.
You worshipped Gozag.
Gozag was most pleased with you.
You visited 10 branches of the dungeon, and saw 52 of its levels.
You visited the Abyss 2 times.
You visited 1 bazaar.
You also visited: Trove and Gauntlet.

You collected 33279 gold pieces.
You spent 7988 gold pieces at shops.
You paid 23627 gold pieces to Gozag.

Inventory:

Hand Weapons
 m - a +9 vorpal triple crossbow (weapon)
Armour
 c - a +2 cloak of poison resistance (worn)
 d - the +1 cloak of Starlight {*Dazzle EV+4 Stlth--}
   (You found it on level 5 of the Pits of Slime)

   It may blind those who miss an attack against the wearer in melee combat.
   EV:        It affects your evasion (+4).
   Stlth:     It makes you much less stealthy.
 j - a +2 pair of boots of stealth (worn)
 y - the +2 pair of gloves "Nenau" (worn) {rF+ Dex+6}
   (You found it on level 1 of the Elven Halls)

   Dex:       It affects your dexterity (+6).
   rF:        It protects you from fire.
 A - the +1 pair of gloves of Conscience {Rampage rElec Str-3 Dex-2}
   (You bought it in a shop on level 11 of the Dungeon)

   Str:       It affects your strength (-3).
   Dex:       It affects your dexterity (-2).
   rElec:     It insulates you from electricity.
   Rampage:   It bestows one free step when moving towards enemies.
 N - the +1 helmet of the Fletcher (worn) {Will++ Str+7 Slay-2}
   (You found it on level 11 of the Dungeon)

   Str:       It affects your strength (+7).
   Slay:      It affects your accuracy & damage with ranged weapons and melee
   (-2).
   Will:      It greatly increases your willpower.
 O - a scarf of shadows
 P - a +2 cloak of preservation
 T - the +12 shadow dragon scales of Wisdom (worn) {+Blink rC- Int+2 Stlth++++}
   (You bought it in a shop on level 11 of the Dungeon)

   Int:       It affects your intelligence (+2).
   rC:        It makes you vulnerable to cold.
   +Blink:    It lets you blink.
   Stlth:     It makes you much more stealthy.
Jewellery
 e - the ring "Atonan" (right hand) {rC++ Int-3 Dex+6 SInv Stlth+}
   (You found it on level 5 of the Pits of Slime)

   [ring of dexterity]

   Int:       It affects your intelligence (-3).
   Dex:       It affects your dexterity (+6).
   rC:        It greatly protects you from cold.
   SInv:      It lets you see invisible.
   Stlth:     It makes you more stealthy.
 i - a ring of willpower
 v - the brooch of Shielding (around neck) {Spirit SH+8}
   (You bought it in a shop on level 11 of the Dungeon)

   [amulet of guardian spirit]

   It causes incoming damage to be divided between your reserves of health and
   magic.
   SH:        It affects your SH (+8).
 w - the ring of Poaner (left hand) {rF+ rC+}
   (You acquired it on level 5 of the Vaults)

   [ring of protection from fire]

   rF:        It protects you from fire.
   rC:        It protects you from cold.
 x - the ring of Xom's Bemusement {rC+ EV+4 Str+3}
   (You took it off a deep elf death mage on level 3 of the Elven Halls)

   [ring of evasion]

   EV:        It affects your evasion (+4).
   Str:       It affects your strength (+3).
   rC:        It protects you from cold.
 Z - a ring of positive energy
Wands
 a - a wand of iceblast (30)
 q - a wand of polymorph (38)
 C - a wand of quicksilver (4)
 E - a wand of mindburst (43)
 M - a wand of digging (17)
 R - a wand of flame (55)
 Y - a wand of charming (32)
Scrolls
 b - 22 scrolls of immolation
 l - 6 scrolls of fear
 z - 3 scrolls of blinking
 B - 3 scrolls of silence
 D - 7 scrolls of poison
 F - 4 scrolls of summoning
 H - 5 scrolls of enchant armour
 I - 4 scrolls of enchant weapon
 S - 9 scrolls of amnesia
 U - 8 scrolls of butterflies
 X - 9 scrolls of teleportation
Potions
 f - 13 potions of mutation
 h - 11 potions of flight
 k - 20 potions of brilliance
 n - 12 potions of curing
 o - 2 potions of resistance
 p - 4 potions of heal wounds
 r - 4 potions of invisibility
 t - a potion of haste
 u - 7 potions of ambrosia
 K - 7 potions of magic
 Q - 12 potions of lignification
 V - 5 potions of might
 W - 6 potions of berserk rage
Miscellaneous
 s - a lightning rod (4/4)
 G - a condenser vane
 J - a phantom mirror
 L - a box of beasts


   Skills:
 - Level 19.1 Fighting
 O Level 27 Ranged Weapons
 - Level 17.8 Armour
 - Level 25.3 Dodging
 - Level 6.4 Stealth
 + Level 13.4 Spellcasting
 - Level 10.2 Hexes
 - Level 11.8 Necromancy
 - Level 9.8 Translocations
 + Level 11.7 Transmutations
 - Level 5.1 Ice Magic
 + Level 14.9 Earth Magic
 - Level 13.9 Evocations


You had 22 spell levels left.
You knew the following spells:

 Your Spells              Type           Power      Damage    Failure   Level
a - Portal Projectile     Hex/Tloc       82%        N/A       3%          3
b - Leda's Liquefaction   Hex/Erth       24%        N/A       4%          4
c - Borgnjor's Vile Clut  Necr/Erth      25%        N/A       8%          5
d - Passwall              Tmut/Erth      42%        N/A       1%          2
e - Ozocubu's Armour      Ice            26%        N/A       22%         3
f - Slow                  Hex            100%       N/A       1%          1
g - Blink                 Tloc           82%        N/A       2%          2
h - Passage of Golubria   Tloc           41%        N/A       11%         4
i - Statue Form           Tmut/Erth      34%        N/A       34%         6

Your spell library contained the following spells:

 Spells                   Type           Power      Damage    Failure   Level
 Apportation              Tloc           82%        N/A       1%          1
 Necrotise                Necr           100%       1d9       1%          1
 Sandblast                Erth           100%       2d20      1%          1
 Vampiric Draining        Necr           47%        2d9       1%          3
 Confusing Touch          Hex            42%        N/A       3%          3
 Tukima's Dance           Hex            42%        N/A       3%          3
 Petrify                  Tmut/Erth      51%        N/A       3%          4
 Ensorcelled Hibernation  Hex/Ice        68%        N/A       4%          2
 Lesser Beckoning         Tloc           41%        N/A       4%          3
 Lee's Rapid Deconstruct  Erth           27%        3d15*     4%          5
 Dispel Undead            Necr           47%        3d18      5%          4
 Anguish                  Hex/Necr       22%        N/A       7%          4
 Freeze                   Ice            100%       1d11      8%          1
 Stone Arrow              Conj/Erth      66%        3d11      10%         3
 Spider Form              Tmut/Pois      28%        N/A       16%         3
 Yara's Violent Unravell  Hex/Tmut       22%        3d10      17%         5
 Ice Form                 Ice/Tmut       36%        N/A       19%         4
 Frozen Ramparts          Ice            52%        1d8       22%         3
 Animate Armour           Summ/Erth      66%        N/A       26%         4
 Manifold Assault         Tloc           41%        N/A       28%         5
 Ignite Poison            Fire/Tmut/Pois 22%        N/A       32%         3
 Magic Dart               Conj           40%        1d5       47%         1
 Summon Small Mammal      Summ           40%        N/A       47%         1
 Metabolic Englaciation   Hex/Ice        17%        N/A       52%         5
 Death Channel            Necr           23%        N/A       52%         6
 Fulminant Prism          Conj/Hex       13%        3d9       54%         4
 Iskenderun's Mystic Bla  Conj/Tloc      25%        2d7       56%         4
 Call Imp                 Summ           10%        N/A       61%         2
 Static Discharge         Conj/Air       10%        3-5/arc   61%         2
 Call Canine Familiar     Summ           10%        N/A       83%         3
 Mephitic Cloud           Conj/Pois/Air  10%        N/A       83%         3
 Hailstorm                Conj/Ice       18%        3d6       86%         4
 Summon Ice Beast         Ice/Summ       18%        N/A       86%         4
 Summon Forest            Summ/Tloc      12%        N/A       88%         5
 Airstrike                Air            5%         2d(1-17)  99%         4
 Olgreb's Toxic Radiance  Pois           10%        N/A       99%         4
 Sticky Flame             Conj/Fire      10%        2d3       99%         4
 Summon Lightning Spire   Summ/Air       10%        N/A       99%         4
 Enfeeble                 Hex            21%        N/A       99%         7
 Fireball                 Conj/Fire      5%         3d5       100%        5
 Freezing Cloud           Conj/Ice/Air   7%         6-21      100%        5
 Iskenderun's Battlesphe  Conj           10%        2d6       100%        5
 Lightning Bolt           Conj/Air       5%         1d17      100%        5
 Conjure Ball Lightning   Conj/Air       5%         3x3d6     100%        6
 Orb of Destruction       Conj           5%         9d5       100%        7
 Ozocubu's Refrigeration  Ice            13%        4d10      100%        7
 Storm Form               Tmut/Air       14%        N/A       100%        7
 Maxwell's Capacitive Co  Air            5%         ∞         100%        8
 Summon Horrible Things   Summ           5%         N/A       100%        8
 Animate Dead             Necr           Unusable   N/A       N/A         4
 Simulacrum               Ice/Necr       Unusable   N/A       N/A         6

Dungeon Overview and Level Annotations

Branches:
Dungeon (15/15)            Temple (0/1) D:5            Lair (5/5) D:11
  Swamp (4/4) Lair:3       Spider (4/4) Lair:2        Slime (5/5) Lair:4
    Orc (2/2) D:10            Elf (3/3) Orc:2        Vaults (5/5) D:14
  Crypt (0/3) Vaults:2     Depths (4/4) D:15            Zot (5/5) Depths:4
Gauntlet (visited)

Altars:
Dithmenos
Gozag
Kikubaaqudgha
Makhleb
Qazlal
Sif Muna
Wu Jian
Xom
The Shining One
Jiyva

Shops:
D:1 *   D:4 (*[   D:6 *   D:7 [   D:11 [**[?==*[   Orc:2 =*[(   Vaults:1 ?*?(
Vaults:2 *   Vaults:5 *   Depths:1 =(![   Depths:4 *[*

Portals:
Hell: Depths:1 Depths:2 Depths:3 Depths:4
Abyss: Depths:3 Depths:4
Pandemonium: Depths:1 Depths:2
Ziggurat: Depths:2

Annotations:
D:3 Pargi
D:6 Duvessa
Lair:3 2 transporters
Spider:1 Nikola
Spider:3 Roxanne
Orc:1 3 runed translucent doors, unrecovered's ghost, adept GnCj
Zot:4 2 transporters, Ushirusyti's ghost, legendary OpAE


Innate Abilities, Weirdness & Mutations

You are small and have problems with some larger weapons.
You are completely attuned to the shadows.
Your skin changes colour to match your surroundings (Stealth+).
You possess an exceptional clarity of mind.
You are somewhat resistant to further mutation.
Your spells are a little harder to cast, but a little more powerful.
You occasionally lose the ability to read scrolls when taking damage.


Message History

A tentacled monstrosity comes into view.
Oxzumnu comes into view.
Oxzumnu grins greedily, jangling a coin purse.
There is a stone staircase leading up here.
You climb upwards.
Level annotation: Pargi
There is a stone staircase leading down here.
There is a stone staircase leading up here.
You climb upwards.
There is a stone staircase leading down here.
There is a stone staircase leading up here.
You climb upwards.
There is a stone staircase leading down here.
You swap places.
The Orb Guardian stares, then turns away, jangling a coin purse.
An Orb Guardian comes into view.
Your balrug hits the plant with a +0 demon whip of draining!
The plant begins to die.
The plant is engulfed in flames!!
Your balrug drains the plant.
Your balrug hits the plant with a +0 demon whip of draining!
The plant is engulfed in flames!!
Your balrug drains the plant.
You enter the shallow water.
Moving in this stuff is going to be slow.
You enter the shallow water.
Moving in this stuff is going to be slow.
You swap places.
You swap places.
You swap places.
There is an open door here.
You open the door.
There is an open door here.
A chaos spawn comes into view.
You shoot a bolt.
The bolt hits the chaos spawn but does no damage.
You shoot a bolt. The bolt hits the chaos spawn!!!!
You kill the chaos spawn!
The chaos spawn degenerates into a cloud of primal chaos!
There is an open door here.
There is a staircase leading out of the dungeon here.
You have escaped!

...3#2...# #.#...#.....#.)####..
...2#2...####.#####'##.....#.##..
....#....(..#....#...#..##....#..
....#2...##......'..........#.'..
....#2...####....#..#..##....##..
#####.2..# #.#####'#...#..#.##..
#.2..# #.#...#.#.$.#..##.#..
####..2.####.#.1.#.....#...###..
#......2..##.#.@2'...##....###..
#.......2.##.#...#2##.#..####...
##.........##.#####'##...#.###...
...........##....#3.###..####...#
..........23#....2..#...#.##....#
............22...#..##..####.....
.#.#######....#####'#....##......
.#..# #....#...#.#...##.......
.##.#### #....#...#..####......>.


You could see a friendly lorocyproca (invisible), a friendly balrug and a
friendly Executioner.

Vanquished Creatures
  the Royal Jelly (Slime:5)
  Dissolution (Slime:2)
  5 ancient liches
  4 orbs of fire
  2 dread liches
  Mennas (Depths:4)
  Sojobo (Vaults:4)
  Josephina (Zot:2)
  Vv (Zot:2)
  5 Killer Klowns
  Margery (Depths:4)
  A curse toe (Zot:1)
  12 golden dragons
  3 bone dragons
  Arachne (Spider:4)
  2 Tzitzimimeh (Depths:2)
  The ghost of tykejmi the Axe Maniac, an adept MiBe of Trog (Elf:3)
  4 electric golems
  A walking crystal tome (Depths:3)
  15 tentacled monstrosities
  20 Orb Guardians
  Asterion (Lair:2)
  3 liches
  4 deep elf blademasters
  2 deep elf master archers (Elf:3)
  12 titans
  5 quicksilver dragons
  6 sphinxes
  15 acid blobs
  An ancient champion (Depths:1)
  3 tentacled starspawn (Abyss:4)
  13 death cobs
  11 shadow dragons
  9 tengu reavers
  14 storm dragons
  A thorn hunter (Swamp:4)
  7 draconian monks
  9 rockslimes
  A fenstrider witch (Swamp:3)
  8 draconian knights
  7 frost giants
  3 emperor scorpions
  3 orc warlords
  9 deep elf sorcerers
  An iron dragon (Vaults:5)
  9 ghost moths
  7 fire giants
  7 azure jellies
  2 balrugs (Abyss:4)
  12 draconian scorchers
  A ghost moth (shapeshifter) (Vaults:1)
  16 vault wardens
  5 draconian shifters
  A juggernaut zombie (Abyss:3)
  8 draconian annihilators
  7 draconian stormcallers
  24 ironbound preservers
  A deep elf elementalist (Elf:3)
  Aizul (Depths:1)
  2 reapers
  6 war gargoyles
  20 very ugly things
  3 ironbound thunderhulks
  8 quicksilver oozes (Slime:5)
  2 broodmothers (Spider:2)
  9 stone giants
  6 deep elf annihilators
  10 dire elephants
  3 eleionomae
  4 deep elf demonologists (Elf:3)
  A vampire knight (Depths:4)
  17 yellow draconians
  18 red draconians
  12 black draconians
  5 bunyips
  5 entropy weavers
  17 green draconians
  Azrael (D:15)
  10 white draconians
  11 purple draconians
  A minotaur (Gauntlet)
  6 spark wasps
  A blizzard demon (Zot:4)
  10 deep elf death magi
  8 fire dragons
  A crystal guardian (Vaults:2)
  7 ettins
  5 jiangshi
  A shambling mangrove (Swamp:3)
  5 yaktaur captains
  5 deep elf high priests
  5 ice dragons
  Fannar (D:11)
  7 great orbs of eyes
  2 hell beasts
  42 hydras
  2 starcursed masses (Abyss:4)
  33 vault guards
  A rakshasa (D:15)
  A ghost crab (Swamp:1)
  4 spriggan air magi
  3 peacekeepers
  16 boulder beetles
  6 catoblepae
  Erolcha (Orc:2)
  2 death knights (Vaults:2)
  7 radroaches
  25 centaur warriors
  3 ogre magi
  8 ironbound frosthearts
  4 jorogumos
  13 two-headed ogres
  2 death scarabs
  7 deep troll earth magi
  27 dancing weapons
  8 alligators
  4 tengu warriors
  5 hell hogs
  8 deep troll shamans
  2 vampire magi
  4 orc high priests
  20 death yaks
  11 spriggan berserkers
  3 sun demons (Depths:4)
  16 hell knights
  16 deep elf knights
  A titan skeleton (Depths:1)
  A shadow wraith (Vaults:2)
  Lodul (D:14)
  5 pharaoh ants
  14 iron trolls
  5 goliath frogs
  2 skeletal warriors (D:11)
  6 steelbarb worms
  4 sun moths
  A swamp dragon (shapeshifter) (Depths:4)
  A flayed ghost (Vaults:1)
  62 deep trolls
  10 orb spiders
  A spatial maelstrom (Abyss:4)
  A death drake (Abyss:4)
  2 spriggan druids
  A quicksilver dragon simulacrum (Depths:1)
  9 lindwurms
  12 swamp dragons
  3 glowing orange brains
  18 ironbound convokers
  A tengu zombie (Vaults:1)
  7 wizards
  9 bog bodies
  4 phantasmal warriors
  29 deep elf zephyrmancers
  29 deep elf pyromancers
  5 necromancers
  17 orc knights
  8 deep elf archers
  6 harpies
  An oklob plant (Gauntlet)
  4 orc sorcerers
  6 shining eyes
  A mana viper (Abyss:4)
  4 large abominations (Abyss:4)
  43 ugly things
  9 manticores
  2 will-o-the-wisps
  21 wolf spiders
  15 cyclopes
  A worldbinder (Abyss:4)
  A fire giant zombie (Depths:1)
  11 elephants
  31 moths of wrath
  A stone giant skeleton (Depths:1)
  Maurice (D:11)
  A toenail golem (Zot:5)
  A guardian serpent (shapeshifter) (D:15)
  9 black mambas
  A rust devil (Depths:2)
  12 vault sentinels
  2 eyes of devastation
  2 gargoyles (D:11)
  A smoke demon (Abyss:4)
  An iron dragon skeleton (Depths:1)
  An apocalypse crab (Gauntlet)
  An orange demon (Depths:2)
  10 cane toads
  10 torpor snails
  4 demonic crawlers
  An unseen horror (D:11)
  An unseen horror (shapeshifter) (D:11)
  A minotaur zombie (Gauntlet)
  15 komodo dragons
  21 yaktaurs
  A kobold demonologist (D:11)
  A tormentor (Abyss:4)
  3 ancient zymes (Abyss:4)
  An efreet (D:15)
  A ghost moth simulacrum (Zot:2)
  A golden dragon simulacrum (Zot:2)
  3 rime drakes
  7 catoblepas skeletons (Abyss:4)
  A tengu conjurer (Depths:1)
  A red devil (Depths:2)
  12 trolls
  16 tyrant leeches
  A bloated husk (Swamp:1)
  19 hornets
  A polar bear (Lair:1)
  17 tarantellas
  28 blink frogs
  A blink frog (shapeshifter) (Vaults:3)
  8 raiju (Abyss:4)
  8 dream sheep
  65 slime creatures
  2 centaur simulacra
  A draconian simulacrum (Zot:2)
  A spectral black mamba (Gauntlet)
  An ettin skeleton (Vaults:1)
  26 jumping spiders
  23 culicivoras
  A jumping spider (shapeshifter) (Vaults:5)
  16 wyverns
  2 vampires
  9 spriggans
  2 air elementals (Elf:2)
  5 water elementals
  10 shadows
  3 ynoxinuls
  45 yaks
  12 basilisks
  2 steam dragons (D:9)
  6 wraiths
  5 golden eyes
  2 vampire mosquitoes
  10 fire elementals
  A green draconian simulacrum (Zot:2)
  52 redbacks
  Menkaure (D:7)
  A chaos spawn (D:1)
  2 wargs
  11 swamp worms
  5 acid dragons
  A moth of wrath simulacrum (Zot:2)
  13 water moccasins
  4 floating eyes
  18 hell hounds
  10 swamp drakes
  45 orc warriors
  3 small abominations
  17 ogres
  A sky beast (D:7)
  10 wolves
  15 centaurs
  A human zombie (Vaults:1)
  6 scorpions
  5 bullfrogs
  9 earth elementals
  A glowing shapeshifter simulacrum (Vaults:1)
  5 kobold brigands
  A human skeleton (Vaults:1)
  A gnoll sergeant (D:8)
  3 wights (D:8)
  Dowan (D:6)
  5 killer bees
  An electric eel (Lair:2)
  6 howler monkeys
  2 jellies
  A quasit (Abyss:3)
  4 hounds
  An iron imp (Abyss:4)
  A gnoll bouda (D:8)
  19 orc priests
  40 orc wizards
  6 iguanas
  4 hell rats (D:14)
  4 gnolls
  14 adders
  A shadow imp (D:7)
  A white imp (D:8)
  A worm (D:3)
  94 orcs
  6 bats
  A bat zombie (D:5)
  5 endoplasms
  5 giant cockroaches
  4 goblins
  5 hobgoblins
  9 jackals
  2 quokkas
  8 ball pythons
  11 frilled lizards
  21 kobolds
  6 rats
  3 rat zombies (D:5)
  4 starspawn tentacles (Abyss:4)
2311 creatures vanquished.

Vanquished Creatures (collateral kills)
  3 Orb Guardians (Zot:5)
  A tengu reaver (Vaults:4)
  An azure jelly (Slime:5)
  A frost giant (Vaults:5)
  An iron dragon (Vaults:5)
  A deep elf annihilator (Vaults:5)
  2 black draconians (Zot:5)
  A deep elf death mage (Elf:3)
  2 vault guards (Vaults:5)
  3 sun demons
  A moth of wrath (Zot:2)
  An orange demon (Zot:1)
  A guardian serpent (shapeshifter) (Vaults:4)
  A vault sentinel (Vaults:5)
  A yaktaur (Vaults:5)
  A hellwing (Zot:5)
  An efreet (D:5)
  A slime creature (Slime:5)
  A culicivora (Spider:4)
25 creatures vanquished.

Vanquished Creatures (others)
  5 dread liches (Vaults:5)
  An ancient lich (Vaults:5)
  A tentacled monstrosity (Vaults:5)
  4 Orb Guardians (Zot:5)
  2 sphinxes (Vaults:5)
  A tengu reaver (Vaults:5)
  A shadow dragon (Vaults:5)
  A storm dragon (Vaults:5)
  A frost giant (Vaults:5)
  3 vault wardens (Vaults:5)
  A draconian knight (Zot:2)
  A ghost moth (Zot:4)
  A war gargoyle (Vaults:5)
  A stone giant (Vaults:5)
  A deep elf demonologist (Vaults:5)
  A red draconian (Zot:1)
  A yellow draconian (Zot:1)
  A white draconian (Zot:5)
  A deep elf death mage (Vaults:5)
  A deep elf high priest (Vaults:5)
  2 yaktaur captains (Vaults:5)
  4 vault guards (Vaults:5)
  An ogre mage (Vaults:5)
  A deep elf knight (Elf:2)
  An orc knight (Vaults:5)
  A phantasmal warrior (Vaults:5)
  2 ironbound convokers (Vaults:5)
  A faun (shapeshifter) (Vaults:5)
  2 vault sentinels (Vaults:5)
  An unseen horror (shapeshifter) (Vaults:5)
  3 yaktaurs (Vaults:5)
  2 bloated husks (Swamp:1)
  A tarantella (Spider:4)
  A raiju (Abyss:4)
  An orc warrior (Vaults:5)
  An orc wizard (Vaults:5)
  2 orcs (Vaults:5)
  3 bushes (D:11)
  19 fungi
  118 plants
  5 starspawn tentacles (Abyss:4)
202 creatures vanquished.

Grand Total: 2538 creatures vanquished

Notes
Turn   | Place    | Note
-------+----------+-------------------------------------------
     0 | D:1      | Atlar the Kobold Hunter began the quest for the Orb.
     0 | D:1      | Reached XP level 1. HP: 12/12 MP: 1/1
   232 | D:1      | Reached XP level 2. HP: 12/17 MP: 2/2
   668 | D:1      | Found Muaqall's General Store.
   672 | D:1      | Bought a scroll of identify for 24 gold pieces
  1009 | D:1      | Reached XP level 3. HP: 21/21 MP: 3/3
  1301 | D:1      | Reached skill level 6 in Ranged Weapons
  1673 | D:2      | Reached XP level 4. HP: 23/26 MP: 4/4
  1734 | D:2      | Reached skill level 1 in Armour
  2346 | D:2      | Reached XP level 5. HP: 24/30 MP: 5/5
  3168 | D:3      | Noticed Pargi
  3418 | D:3      | Found a faded altar of an unknown god.
  3489 | D:3      | Found an opulent altar of Gozag.
  3533 | D:3      | Became a worshipper of Gozag Ym Sagoz the Greedy
  3579 | D:3      | Found a glowing golden altar of the Shining One.
  3590 | D:3      | Reached skill level 7 in Ranged Weapons
  3674 | D:3      | Reached XP level 6. HP: 34/35 MP: 6/6
  4135 | D:4      | Found Mucaug's Weapon Emporium.
  4480 | D:4      | Found Ebiroog's Antique Armour Shop.
  4485 | D:4      | Bought an embroidered cloak for 172 gold pieces
  4746 | D:4      | Reached XP level 7. HP: 31/40 MP: 7/7
  4891 | D:4      | Found Cieptont's Assorted Antiques.
  5048 | D:5      | Entered Level 5 of the Dungeon
  5209 | D:5      | Reached skill level 5 in Stealth
  5252 | D:5      | Found an ancient bone altar of Kikubaaqudgha.
  5341 | D:5      | Reached skill level 8 in Ranged Weapons
  5341 | D:5      | Reached skill level 5 in Dodging
  5399 | D:5      | Found a stormy altar of Qazlal.
  5606 | D:5      | Found a staircase to the Ecumenical Temple.
  5934 | D:4      | Bought a pair of embroidered boots for 172 gold pieces
  6241 | D:6      | Identified the +12 dagger "Otoiw" {drain, Fragile Str+3
                  | Dex+4}
  6367 | D:6      | Noticed Dowan
  6369 | D:6      | Noticed Duvessa
  6374 | D:6      | Killed Dowan
  6375 | D:6      | Reached XP level 8. HP: 44/44 MP: 8/8
  6743 | D:6      | Reached skill level 9 in Ranged Weapons
  6867 | D:6      | Found Qilacull's Fire Supplies.
  7018 | D:6      | Learned a level 1 spell: Slow
  7201 | D:7      | Noticed a hornet
  7212 | D:7      | Noticed Menkaure
  7436 | D:7      | Reached skill level 1 in Evocations
  7630 | D:4      | Bought a runed arbalest for 180 gold pieces
  7809 | D:7      | Killed a hornet
  7810 | D:7      | Reached skill level 10 in Ranged Weapons
  7810 | D:7      | Reached XP level 9. HP: 30/48 MP: 5/9
  7883 | D:7      | Killed Menkaure
  8373 | D:7      | Reached skill level 11 in Ranged Weapons
  8937 | D:7      | Found Unwigh's Armour Shop.
  9037 | D:7      | Noticed a komodo dragon
  9197 | D:4      | Bought a blackened gold wand for 96 gold pieces
  9197 | D:4      | Bought a faintly glowing ring mail for 216 gold pieces
  9197 | D:4      | Identified the +0 ring mail "Raprir" {rF+ Dex+3} (You
                  | bought it in a shop on level 4 of the Dungeon)
  9890 | D:8      | Found a shadowy altar of Dithmenos.
 10348 | D:9      | Reached skill level 12 in Ranged Weapons
 10563 | D:9      | Reached XP level 10. HP: 53/53 MP: 10/10
 10669 | D:9      | Reached skill level 13 in Ranged Weapons
 10680 | D:9      | Reached skill level 14 in Ranged Weapons
 10751 | D:9      | Found a shimmering altar of Xom.
 10893 | D:9      | Reached skill level 15 in Ranged Weapons
 11084 | D:10     | Entered Level 10 of the Dungeon
 11087 | D:10     | Noticed a two-headed ogre
 11149 | D:10     | Noticed a two-headed ogre
 11179 | D:10     | Found an ornate altar of the Wu Jian Council.
 11267 | D:10     | Killed a two-headed ogre
 11268 | D:10     | Reached skill level 16 in Ranged Weapons
 11281 | D:10     | Killed a two-headed ogre
 11282 | D:10     | Reached skill level 17 in Ranged Weapons
 11282 | D:10     | Reached XP level 11. HP: 35/57 MP: 6/11
 11447 | D:10     | Found a shimmering blue altar of Sif Muna.
 11581 | D:10     | Noticed a cyclops
 11585 | D:10     | Killed a cyclops
 11594 | D:10     | Noticed a cyclops
 11595 | D:10     | Noticed a two-headed ogre
 11615 | D:10     | Killed a two-headed ogre
 11616 | D:10     | Reached skill level 5 in Evocations
 11616 | D:10     | Killed a cyclops
 11617 | D:10     | Reached skill level 18 in Ranged Weapons
 11618 | D:10     | Reached XP level 12. HP: 62/62 MP: 11/21
 11619 | D:10     | Reached skill level 5 in Fighting
 11619 | D:10     | Reached skill level 10 in Dodging
 11619 | D:10     | Reached XP level 13. HP: 74/74 MP: 11/22
 11624 | D:10     | Learned a level 3 spell: Ozocubu's Armour
 11789 | D:10     | Reached skill level 1 in Hexes
 11856 | D:10     | Found a staircase to the Orcish Mines.
 12360 | D:11     | Noticed a boulder beetle
 12448 | D:11     | Noticed a boulder beetle
 12456 | D:11     | Killed a boulder beetle
 12477 | D:11     | Noticed a boulder beetle
 12566 | Orc:1    | Entered Level 1 of the Orcish Mines
 12614 | Orc:1    | Reached skill level 1 in Ice Magic
 12808 | Orc:1    | Found a runed translucent gate.
 12809 | Orc:1    | Found a runed translucent gate.
 12810 | Orc:1    | Found a runed translucent gate.
 12810 | Orc:1    | Noticed unrecovered's ghost (adept GnCj)
 12819 | Orc:1    | Identified the +7 quarterstaff "Bizeec" {vorpal, Dex+4}
 12865 | Orc:1    | Identified the +2 plate armour of Vivipi {+Blink rC+ rCorr}
 12865 | Orc:1    | Identified the ring "Coaluam" {rPois rF++}
 12865 | Orc:1    | Noticed an orc warlord
 13464 | Orc:2    | Entered Level 2 of the Orcish Mines
 13861 | Orc:2    | Found a staircase to the Elven Halls.
 13927 | Orc:2    | Noticed Erolcha
 14186 | Orc:1    | Reached XP level 14. HP: 54/84 MP: 9/23
 14596 | Orc:2    | Noticed an orc warlord
 14634 | Orc:1    | Killed an orc warlord
 14774 | Orc:1    | Reached skill level 5 in Ice Magic
 14987 | Orc:2    | Found Weimacis's General Store.
 14987 | Orc:2    | Found Soisam's Jewellery Shoppe.
 14988 | Orc:2    | Found Bausil's Antique Armour Emporium.
 14999 | Orc:2    | Found Ajuegip's Antique Weapon Emporium.
 15288 | D:1      | Bought a scroll of acquirement for 624 gold pieces
 15288 | D:1      | Acquired a +4 vorpal triple crossbow
 15966 | D:11     | Noticed Fannar
 15976 | D:11     | Killed Fannar
 16155 | Orc:2    | Bought a +1 leather armour of poison resistance for 110
                  | gold pieces
 16155 | Orc:2    | Bought a potion of curing for 30 gold pieces
 16176 | Orc:2    | Bought a runed cloak for 225 gold pieces
 16176 | Orc:2    | Bought a runed cloak for 225 gold pieces
 16275 | D:11     | Noticed Maurice
 16293 | D:11     | Killed Maurice
 16369 | D:11     | Reached skill level 19 in Ranged Weapons
 16487 | D:11     | Paralysed by something for 4 turns
 16677 | D:11     | Reached skill level 20 in Ranged Weapons
 16865 | D:11     | Got Ompioraw's Commentary on Terra Firma
 17781 | D:11     | Reached XP level 15. HP: 78/90 MP: 19/24
 17858 | D:11     | Reached skill level 21 in Ranged Weapons
 18191 | D:11     | Identified the +1 helmet of the Fletcher {Will++ Str+7
                  | Slay-2}
 18277 | D:11     | Reached skill level 22 in Ranged Weapons
 18720 | D:11     | Found a staircase to the Lair.
 18981 | Lair:1   | Entered Level 1 of the Lair of Beasts
 19045 | Lair:1   | Identified the +0 pair of gloves "Ilizxuhick" {Will+}
 19333 | Lair:1   | Reached skill level 23 in Ranged Weapons
 19958 | Lair:2   | Found a gate leading to a gauntlet.
 19964 | Gauntlet | Entered a Gauntlet
 19964 | Gauntlet | Found a transporter.
 19976 | Gauntlet | Found a transporter.
 19976 | Gauntlet | Found a transporter.
 19993 | Gauntlet | Found a transporter.
 19993 | Gauntlet | Found a transporter.
 20011 | Gauntlet | Found a transporter.
 20011 | Gauntlet | Found a transporter.
 20029 | Gauntlet | Found a transporter.
 20029 | Gauntlet | Found a transporter.
 20048 | Gauntlet | Found a transporter.
 20065 | Gauntlet | Found a transporter.
 20077 | Gauntlet | Found a transporter.
 20093 | Gauntlet | Found a transporter.
 20107 | Gauntlet | Found a transporter.
 20741 | Gauntlet | Identified the +8 dagger of Superiority {protect, Contam
                  | Fly rN+}
 20741 | Gauntlet | Identified the +10 dagger of the Spider {vorpal, Str-4
                  | Dex+7 Stlth+}
 20764 | Lair:2   | Found a hole to the Spider Nest.
 21074 | Lair:2   | Reached skill level 24 in Ranged Weapons
 21482 | Lair:3   | Found a transporter.
 21663 | Lair:3   | Found a transporter.
 21688 | Lair:3   | Reached XP level 16. HP: 96/96 MP: 25/25
 22064 | Lair:3   | Reached skill level 25 in Ranged Weapons
 22077 | Lair:3   | Found a staircase to the Swamp.
 22675 | Lair:4   | Found a staircase to the Slime Pits.
 22675 | Lair:4   | Found a viscous altar of Jiyva.
 23505 | Lair:5   | Entered Level 5 of the Lair of Beasts
 23607 | Lair:5   | Found a runed translucent door.
 23665 | Lair:5   | Reached skill level 26 in Ranged Weapons
 23770 | Lair:5   | Reached skill level 5 in Armour
 24797 | Lair:5   | Reached XP level 17. HP: 100/100 MP: 26/26
 24961 | Lair:5   | Found a burning altar of Makhleb.
 25585 | D:11     | Bought the brooch of Shielding {Spirit SH+8} for 975 gold
                  | pieces
 25585 | D:11     | Found the brooch of Shielding {Spirit SH+8}
 25598 | D:11     | Bought a +1 pair of boots of stealth for 198 gold pieces
 25810 | D:12     | Identified the +9 dagger of the Feeding Coward {venom,
                  | rCorr}
 26822 | D:13     | Reached skill level 10 in Armour
 27898 | D:13     | Learned a level 2 spell: Blink
 27904 | D:13     | Learned a level 5 spell: Borgnjor's Vile Clutch
 27968 | D:14     | Reached skill level 1 in Translocations
 28213 | D:14     | Noticed Lodul
 28216 | D:14     | Reached skill level 5 in Translocations
 28221 | D:14     | Killed Lodul
 28697 | D:14     | Learned a level 2 spell: Passwall
 28704 | D:14     | Found a gate to the Vaults.
 28912 | D:14     | Reached skill level 1 in Necromancy
 28912 | D:14     | Reached skill level 1 in Earth Magic
 28914 | D:14     | Reached XP level 18. HP: 105/105 MP: 27/27
 29045 | D:15     | Entered Level 15 of the Dungeon
 29507 | D:15     | Noticed Azrael
 29510 | D:15     | Killed Azrael
 29683 | D:15     | Noticed a quicksilver dragon
 29683 | D:15     | a stone giant changed into a quicksilver dragon
 29684 | D:15     | a quicksilver dragon changed into a frost giant
 29704 | D:15     | Noticed a caustic shrike
 29706 | D:15     | a caustic shrike changed into an iron dragon
 30002 | D:15     | Found a staircase to the Depths.
 30671 | D:11     | Bought brightly glowing shadow dragon scales for 2210 gold
                  | pieces
 30671 | D:11     | Identified the +12 shadow dragon scales of Wisdom {+Blink
                  | rC- Int+2 Stlth++++} (You bought it in a shop on level 11
                  | of the Dungeon)
 30787 | Swamp:1  | Entered Level 1 of the Swamp
 31823 | Swamp:1  | Identified the +5 scale mail of Egalitarianism {Stlth+}
 32093 | Swamp:2  | Learned a level 3 spell: Portal Projectile
 32917 | Swamp:3  | Noticed a tentacled monstrosity
 32922 | Swamp:3  | Killed a tentacled monstrosity
 33178 | Swamp:3  | Identified the +8 lajatang "Nokk" {drain, Will+}
 33988 | Swamp:4  | Entered Level 4 of the Swamp
 33991 | Swamp:4  | Reached XP level 19. HP: 110/110 MP: 28/28
 34022 | Swamp:4  | Reached skill level 15 in Dodging
 35394 | Swamp:4  | Got a decaying rune of Zot
 36352 | Spider:1 | Entered Level 1 of the Spider Nest
 36352 | Spider:1 | Noticed Asterion
 36362 | Lair:2   | Killed Asterion
 37082 | Spider:1 | Noticed Nikola
 38267 | Spider:2 | Reached XP level 20. HP: 115/115 MP: 29/29
 38731 | Spider:3 | Noticed Roxanne
 38832 | Spider:4 | Entered Level 4 of the Spider Nest
 39944 | Spider:4 | Noticed Arachne
 40318 | Vaults:1 | Entered Level 1 of the Vaults
 40437 | Vaults:1 | Found Zalioshre's Magic Scroll Shoppe.
 40453 | Vaults:1 | Found Idoedia's Weapon Boutique.
 40768 | Vaults:1 | Found Wuisoget's Magic Scroll Emporium.
 40824 | Vaults:1 | Found a flickering gateway to a bazaar.
 40840 | Bazaar   | Entered a bazaar
 40844 | Bazaar   | Found Mohucw's Assorted Antiques.
 40844 | Bazaar   | Found Ymouxky's Distillery.
 40849 | Bazaar   | Found Ecant's Book Emporium.
 40862 | Bazaar   | Found Efihell's Armour Shoppe.
 40915 | Bazaar   | Bought a spiked ring mail for 225 gold pieces
 40915 | Bazaar   | Identified the +5 ring mail "Rurghoon" {+Blink rPois Will-
                  | Str+3} (You bought it in a shop in a bazaar)
 40921 | Bazaar   | Bought a potion of curing for 24 gold pieces
 40921 | Bazaar   | Bought a potion of heal wounds for 40 gold pieces
 40921 | Bazaar   | Bought a potion of curing for 24 gold pieces
 40921 | Bazaar   | Bought a potion of ambrosia for 64 gold pieces
 40921 | Bazaar   | Bought a potion of cancellation for 64 gold pieces
 40936 | Bazaar   | Bought a book of Unlife for 324 gold pieces
 41067 | Vaults:1 | Found Jam Wari's Assorted Antiques.
 41135 | Vaults:1 | Bought a scroll of enchant weapon for 142 gold pieces
 41180 | Vaults:1 | Reached skill level 5 in Hexes
 41630 | Vaults:1 | Bought a scroll of summoning for 171 gold pieces
 41630 | Vaults:1 | Bought a scroll of blinking for 135 gold pieces
 42598 | Vaults:2 | Identified the +0 ring mail of the Slightly Bent {Str+6}
 42601 | Vaults:2 | Found Hyneshuo's Assorted Antiques.
 42662 | Vaults:2 | Reached skill level 15 in Armour
 42777 | Vaults:2 | Reached XP level 21. HP: 114/120 MP: 30/30
 43051 | Vaults:2 | Found a staircase to the Crypt.
 43876 | Vaults:2 | Learned a level 4 spell: Leda's Liquefaction
 44765 | Abyss:3  | Cast into level 3 of the Abyss (vault warden)
 44875 | Abyss:3  | Noticed a bone dragon
 45331 | Vaults:3 | Escaped the Abyss
 45646 | Vaults:3 | Reached skill level 10 in Hexes
 45936 | Vaults:3 | Reached XP level 22. HP: 121/125 MP: 31/31
 45947 | Vaults:3 | Reached skill level 5 in Earth Magic
 46462 | Vaults:3 | Reached skill level 10 in Evocations
 46960 | Vaults:4 | Reached skill level 10 in Fighting
 48979 | Orc:2    | Killed Erolcha
 49153 | Elf:1    | Entered Level 1 of the Elven Halls
 49714 | Elf:1    | Reached XP level 23. HP: 99/136 MP: 30/32
 50128 | Elf:1    | Identified the +2 pair of gloves "Nenau" {rF+ Dex+6}
 50414 | Elf:1    | Found an ancient bone altar of Kikubaaqudgha.
 50741 | Elf:2    | Found a shimmering blue altar of Sif Muna.
 50772 | Elf:2    | Paralysed by an air elemental for 1 turns
 51676 | Elf:2    | Found a runed translucent gate.
 51677 | Elf:2    | Found a runed translucent gate.
 51677 | Elf:2    | Found a runed translucent gate.
 51995 | Elf:3    | Entered Level 3 of the Elven Halls
 52120 | Elf:3    | Found a runed translucent door.
 52122 | Elf:3    | Noticed tykejmi's ghost (adept MiBe)
 53327 | Elf:3    | Identified the +0 pearl dragon scales of Untold Secrets
                  | {Contam +Inv rN+ Int+4}
 53461 | Elf:3    | Identified the +9 executioner's axe "Vifolucuf" {antimagic,
                  | Str+2 Int+4}
 53461 | Elf:3    | Identified the ring of Xom's Bemusement {rC+ EV+4 Str+3}
 53658 | Elf:3    | Identified the +0 ring mail of the Rose {Int+4}
 53680 | Elf:3    | Identified the +3 falchion of Jeix {holy, Fragile +Blink
                  | Int+2}
 53688 | Elf:3    | Identified the +8 longbow of Qumnaix {venom, rPois}
 54223 | Elf:3    | Killed tykejmi's ghost
 54516 | Spider:4 | Killed Arachne
 54840 | Spider:4 | Reached XP level 24. HP: 148/148 MP: 20/32
 54845 | Spider:4 | Identified the +5 hat of the Unseen Realm {-Tele Harm rN+
                  | Int+6}
 54951 | Spider:4 | Got a gossamer rune of Zot
 55705 | Depths:1 | Entered Level 1 of the Depths
 55712 | Depths:1 | Reached skill level 5 in Necromancy
 55762 | Depths:1 | Noticed Aizul
 55767 | Depths:1 | Killed Aizul
 55925 | Depths:1 | Found a one-way gate leading to the halls of Pandemonium.
 56115 | Depths:1 | Found Oxetrumehu's Distillery.
 56118 | Depths:1 | Found Detuofug's Armour Emporium.
 56118 | Depths:1 | Found Warheom's Jewellery Shoppe.
 56120 | Depths:1 | Bought a potion of resistance for 140 gold pieces
 56121 | Depths:1 | Found Xec Leas's Weapon Shoppe.
 56294 | Depths:1 | Reached skill level 15 in Fighting
 56366 | Depths:1 | Found a gateway to Hell.
 56853 | Depths:1 | Identified the +11 dagger of Weteas {vorpal, Str+7 Int+6}
 57416 | Depths:2 | Paralysed by a floating eye for 4 turns
 57422 | Depths:2 | Paralysed by a floating eye for 2 turns
 57680 | Depths:2 | Found a portal to a secret trove of treasure.
 57868 | Depths:2 | Identified the +6 scale mail of Repulsion {rF- Int+3 SInv}
 58332 | Depths:2 | Reached skill level 10 in Earth Magic
 59016 | Depths:2 | Found a one-way gateway to a ziggurat.
 59390 | Depths:3 | Reached skill level 1 in Transmutations
 59390 | Depths:3 | Reached XP level 25. HP: 94/157 MP: 20/32
 59589 | Depths:3 | Learned a level 4 spell: Passage of Golubria
 59715 | Depths:3 | Found a one-way gate to the infinite horrors of the Abyss.
 60458 | Depths:4 | Entered Level 4 of the Depths
 60701 | Depths:4 | Reached skill level 5 in Transmutations
 61010 | Depths:4 | Reached skill level 10 in Necromancy
 61113 | Depths:4 | Found a gate to the Realm of Zot.
 61586 | Depths:4 | Noticed Mennas
 62350 | Depths:4 | Killed Mennas
 62438 | Depths:4 | Noticed Margery
 62779 | Depths:4 | Killed Margery
 62967 | Depths:4 | Voluntarily entered the Abyss.
 63117 | Abyss:4  | Got an abyssal rune of Zot
 63187 | Abyss:4  | Gained mutation: Your spells are a little easier to cast,
                  | but a little less powerful. [a shining eye]
 63250 | Abyss:4  | Reached XP level 26. HP: 142/163 MP: 32/32
 63321 | Depths:4 | Escaped the Abyss
 63443 | Depths:2 | You showed the abyssal rune of Zot to enter a treasure
                  | trove
 63444 | Trove    | Entered a treasure trove
 63448 | Trove    | Identified the +0 robe of Gokitt {rF+}
 63455 | Trove    | Identified the +5 scale mail of Hedge Wizardry {Rampage rC-
                  | Regen+ Stlth+}
 63458 | Trove    | Identified the +0 cloak "Ofalor" {Str-4 Int+3 Dex+4}
 63459 | Trove    | Identified the +1 pair of gloves of Lulek {Slay+6}
 63481 | Trove    | Identified the +1 robe of Konau {Will+ Str+7}
 63772 | Vaults:5 | Entered Level 5 of the Vaults
 63788 | Vaults:5 | Noticed Sojobo
 63790 | Vaults:5 | Noticed an ancient lich
 63805 | Vaults:4 | Killed Sojobo
 64490 | Vaults:5 | Killed an ancient lich
 64531 | Vaults:5 | Noticed a dread lich
 64543 | Vaults:5 | Noticed a dread lich
 64568 | Vaults:5 | Killed a dread lich
 64583 | Vaults:5 | Noticed a dread lich
 64593 | Vaults:5 | Noticed a dread lich
 64599 | Vaults:5 | Killed an ancient lich
 64618 | Vaults:5 | Killed a dread lich
 64652 | Vaults:5 | Killed a dread lich
 64665 | Vaults:5 | Killed a dread lich
 64665 | Vaults:5 | Killed a dread lich
 65391 | Vaults:5 | Found Jehoed's General Store.
 65395 | Vaults:5 | Bought a potion of heal wounds for 90 gold pieces
 65574 | Vaults:5 | Got a silver rune of Zot
 65985 | Vaults:5 | Acquired the ring of Poaner {rF+ rC+}
 65986 | Vaults:5 | Acquired 607 gold pieces
 66033 | Vaults:5 | Bought a potion of invisibility for 144 gold pieces
 66351 | Slime:1  | Entered Level 1 of the Pits of Slime
 66621 | Slime:3  | Noticed Dissolution
 66630 | Slime:2  | Killed Dissolution
 66753 | Slime:3  | Reached XP level 27. HP: 164/168 MP: 33/34
 66771 | Slime:4  | Learned a level 6 spell: Statue Form
 66799 | Slime:5  | Entered Level 5 of the Pits of Slime
 66870 | Slime:5  | Gained mutation: Your magical capacity is low. (-10% MP) [a
                  | shining eye]
 66902 | Slime:5  | Paralysed by a floating eye for 2 turns
 66945 | Slime:5  | Noticed the Royal Jelly
 66954 | Slime:5  | Killed the Royal Jelly
 67060 | Slime:5  | Found the +1 cloak of Starlight {*Dazzle EV+4 Stlth--}
 67062 | Slime:5  | Identified the ring "Atonan" {rC++ Int-3 Dex+6 SInv Stlth+}
 67078 | Slime:5  | Got Qiodaym's Incunabulum of Toxicity
 67080 | Slime:5  | Identified the +6 short sword of Diet Blood {vamp, *Rage
                  | rC+ Str+4 SInv}
 67149 | Slime:5  | Got a slimy rune of Zot
 67153 | Slime:5  | Identified the +1 robe of Boext {rC- Will+ rCorr Int+3}
 67199 | Slime:5  | Got the Incunable of Transmutation and Attendants
 67206 | Slime:5  | Got the Codex of Evil and the Flock
 67226 | Slime:5  | Acquired 891 gold pieces
 67538 | D:11     | Bought a pair of polished gloves for 323 gold pieces
 67538 | D:11     | Identified the +1 pair of gloves of Conscience {Rampage
                  | rElec Str-3 Dex-2} (You bought it in a shop on level 11 of
                  | the Dungeon)
 67545 | D:11     | Bought a scroll of teleportation for 39 gold pieces
 67545 | D:11     | Bought a scroll of teleportation for 39 gold pieces
 67545 | D:11     | Bought a scroll of teleportation for 39 gold pieces
 67546 | D:11     | Bought a potion of curing for 45 gold pieces
 67550 | D:11     | Bought a shimmering scale mail for 459 gold pieces
 67550 | D:11     | Identified the +6 scale mail "Goycwel" {rCorr Str+6} (You
                  | bought it in a shop on level 11 of the Dungeon)
 67777 | Zot:1    | Entered Level 1 of the Realm of Zot
 68298 | Zot:1    | Noticed an orb of fire
 68301 | Zot:1    | Gained mutation: You are frail. (-10% HP) [an orb of fire]
 68303 | Zot:1    | Gained mutation: You are very frail. (-20% HP) [an orb of
                  | fire]
 68305 | Zot:1    | Killed an orb of fire
 68306 | Zot:1    | Reached skill level 10 in Spellcasting
 68492 | Zot:1    | Lost mutation: You are very frail. (-20% HP) [potion of
                  | mutation]
 68492 | Zot:1    | Lost mutation: Your magical capacity is low. (-10% MP)
                  | [potion of mutation]
 68492 | Zot:1    | Gained mutation: You are very frail. (-20% HP) [potion of
                  | mutation]
 68492 | Zot:1    | Gained mutation: You are agile. (Dex +4, Str/Int -1)
                  | [potion of mutation]
 68492 | Zot:1    | Gained mutation: You have sharp fingernails. [potion of
                  | mutation]
 68588 | Zot:1    | Lost mutation: Your spells are a little easier to cast, but
                  | a little less powerful. [potion of mutation]
 68588 | Zot:1    | Lost mutation: You are agile. (Dex +4, Str/Int -1) [potion
                  | of mutation]
 68588 | Zot:1    | Lost mutation: You are very frail. (-20% HP) [potion of
                  | mutation]
 68588 | Zot:1    | Gained mutation: You are dopey. (Int -2) [potion of
                  | mutation]
 68588 | Zot:1    | Gained mutation: You are resistant to electric shocks.
                  | (rElec) [potion of mutation]
 68588 | Zot:1    | Gained mutation: Your flesh is cold resistant. (rC+)
                  | [potion of mutation]
 69681 | Zot:2    | Noticed Vv
 69701 | Zot:2    | Killed Vv
 70124 | Zot:2    | Identified the ring of Vaypoch {Ice rCorr}
 70124 | Zot:2    | Noticed Josephina
 70132 | Zot:2    | Killed Josephina
 70522 | Zot:2    | Noticed an orb of fire
 70530 | Zot:2    | Gained mutation: You are very dopey. (Int -4) [an orb of
                  | fire]
 70533 | Zot:2    | Gained mutation: You are strong-willed. (Will+) [an orb of
                  | fire]
 71762 | Zot:3    | Reached skill level 27 in Ranged Weapons
 73567 | Zot:4    | Found a transporter.
 73935 | Zot:4    | Found a transporter.
 73939 | Zot:4    | Noticed a shard shrike
 73939 | Zot:4    | Noticed Ushirusyti's ghost (legendary OpAE)
 74312 | Zot:5    | Entered Level 5 of the Realm of Zot
 74409 | Zot:5    | Noticed a Killer Klown
 74504 | Zot:5    | Killed a Killer Klown
 74843 | Zot:5    | Noticed an orb of fire
 74846 | Zot:5    | Noticed an orb of fire
 74847 | Zot:5    | Noticed an orb of fire
 75046 | Zot:5    | Gained mutation: You are weak. (Str -2) [an orb of fire]
 75048 | Zot:5    | Killed an orb of fire
 75052 | Zot:5    | Gained mutation: Armour fits poorly on your strangely
                  | shaped body. [an orb of fire]
 75069 | Zot:4    | Gained mutation: Your spells are a little easier to cast,
                  | but a little less powerful. [an orb of fire]
 75070 | Zot:4    | Gained mutation: You sometimes lose your temper in combat.
                  | [an orb of fire]
 75130 | Zot:3    | Lost mutation: You sometimes lose your temper in combat.
                  | [potion of mutation]
 75130 | Zot:3    | Lost mutation: Your spells are a little easier to cast, but
                  | a little less powerful. [potion of mutation]
 75130 | Zot:3    | Lost mutation: Your flesh is cold resistant. (rC+) [potion
                  | of mutation]
 75130 | Zot:3    | Gained mutation: Your flesh is heat resistant. (rF+)
                  | [potion of mutation]
 75130 | Zot:3    | Gained mutation: You are very weak. (Str -4) [potion of
                  | mutation]
 75130 | Zot:3    | Gained mutation: You have hidden genetic potential. [potion
                  | of mutation]
 75131 | Zot:3    | Lost mutation: You have hidden genetic potential. [potion
                  | of mutation]
 75131 | Zot:3    | Lost mutation: You are strong-willed. (Will+) [potion of
                  | mutation]
 75131 | Zot:3    | Lost mutation: Your flesh is heat resistant. (rF+) [potion
                  | of mutation]
 75131 | Zot:3    | Gained mutation: Your skin changes colour to match your
                  | surroundings (Stealth+). [potion of mutation]
 75132 | Zot:3    | Lost mutation: You are resistant to electric shocks.
                  | (rElec) [potion of mutation]
 75132 | Zot:3    | Lost mutation: You are very weak. (Str -4) [potion of
                  | mutation]
 75132 | Zot:3    | Lost mutation: You have sharp fingernails. [potion of
                  | mutation]
 75132 | Zot:3    | Gained mutation: Your spells are a little harder to cast,
                  | but a little more powerful. [potion of mutation]
 75133 | Zot:3    | Lost mutation: You are frail. (-10% HP) [potion of
                  | mutation]
 75133 | Zot:3    | Lost mutation: You are very dopey. (Int -4) [potion of
                  | mutation]
 75133 | Zot:3    | Lost mutation: Armour fits poorly on your strangely shaped
                  | body. [potion of mutation]
 75133 | Zot:3    | Gained mutation: You possess an exceptional clarity of
                  | mind. [potion of mutation]
 75133 | Zot:3    | Gained mutation: You occasionally lose the ability to read
                  | scrolls when taking damage. [potion of mutation]
 75134 | Zot:3    | Lost mutation: You are weak. (Str -2) [potion of mutation]
 75134 | Zot:3    | Lost mutation: You are dopey. (Int -2) [potion of mutation]
 75134 | Zot:3    | Gained mutation: You are somewhat resistant to further
                  | mutation. [potion of mutation]
 75183 | Zot:4    | Killed an orb of fire
 75244 | Zot:5    | Noticed an ancient lich
 75250 | Zot:5    | Killed an ancient lich
 75256 | Zot:5    | Noticed a Killer Klown
 75257 | Zot:5    | Reached skill level 10 in Transmutations
 75262 | Zot:5    | Noticed an ancient lich
 75440 | Zot:5    | Killed an orb of fire
 75576 | Zot:5    | Killed a Killer Klown
 75600 | Zot:5    | Killed an ancient lich
 75817 | Zot:5    | Noticed an ancient lich
 75821 | Zot:5    | Killed an ancient lich
 75837 | Zot:5    | Noticed a Killer Klown
 75838 | Zot:5    | Noticed an ancient lich
 75844 | Zot:5    | Noticed a Killer Klown
 75846 | Zot:5    | Killed an ancient lich
 75846 | Zot:5    | Noticed a dread lich
 75858 | Zot:4    | Killed a Killer Klown
 76033 | Zot:4    | Killed a Killer Klown
 76065 | Zot:4    | Killed a dread lich
 76356 | Zot:5    | Noticed a Killer Klown
 76360 | Zot:5    | Noticed a dread lich
 76363 | Zot:5    | Killed a dread lich
 76367 | Zot:5    | Killed a Killer Klown
 76499 | Zot:5    | Noticed a dread lich
 76506 | Zot:5    | Got the Orb of Zot
 76673 | Zot:1    | Noticed Nufo the pandemonium lord
 77193 | D:4      | Noticed Oxzumnu the pandemonium lord
 77335 | D:$      | Escaped with the Orb!

Illustrated notes

Levels and vault maps discovered:
D:1:      arrival_zaba_pyramid, layout_basic, serial_shops, shop,
          chequers_avenue, chequers_big_river, minmay_bisected
D:2:      layout_loops_corners
D:3:      layout_rooms, old_standard_altar, grunt_gozag_breadcrumbs,
          shapermc_ecumenical_altar_totnotflames, st_stairs_5,
          minmay_door_square, minmay_fractal_squares_5, uniq_pargi
D:4:      layout_gridville, serial_shops, shop_statue, kennysheep_mini_moat,
          shop
D:5:      layout_loops_cross, mainiacjoe_overflow_catwalk,
          lemuel_zombie_altar_kikubaaqudgha,
          minmay_temple_entry_drinking_statues
D:6:      layout_loops_corners, nicolae_shop_fire_sale [nicolae_sub_dead_trees],
          uniq_duvessa
D:7:      layout_basic, serial_shops, nicolae_inconvenience_store,
          minmay_lizard_king, uniq_menkaure
D:8:      layout_basic, general_overflow_altar, hangedman_decor_lopped,
          nicolae_grassy_gnolls
D:9:      layout_loops_ring, lemuel_doored_altar,
          chequers_serial_rivers_large_b, kennysheep_dice
D:10:     layout_rooms, mainiacjoe_overflow_small_starburst,
          mainiacjoe_overflow_alcove_1, hiddenorc1_lemuel,
          chequers_serial_rivers_small_3, hellmonk_guarded_unrand_dark_maul
D:11:     minmay_the_grid_square_5x5_5x5 [minmay_the_grid_square_5x5_seven,
          minmay_the_grid_square_5x5_gyroscope,
          minmay_the_grid_square_5x5_shuriken,
          minmay_the_grid_square_5x5_minivault,
          minmay_the_grid_square_5x5_longway, minmay_the_grid_square_5x5_lines,
          minmay_the_grid_square_5x5_prize_rear_guard,
          minmay_the_grid_square_5x5_bracketed,
          minmay_the_grid_square_5x5_prize_pseudospiral,
          minmay_the_grid_square_5x5_two_small,
          minmay_the_grid_square_5x5_inner_i,
          minmay_the_grid_square_5x5_shrine2,
          minmay_the_grid_square_5x5_prize_gold,
          minmay_the_grid_square_5x5_inset,
          minmay_the_grid_square_5x5_two_walls_a,
          minmay_the_grid_square_5x5_almost_minimal,
          minmay_the_grid_square_5x5_prize_junk,
          minmay_the_grid_square_5x5_intrusive_squares,
          minmay_the_grid_square_5x5_prize_waves,
          minmay_the_grid_square_5x5_pentomino_r,
          minmay_the_grid_square_5x5_three_walls,
          minmay_the_grid_square_5x5_two, minmay_the_grid_square_5x5_v,
          minmay_the_grid_square_5x5_comb,
          minmay_the_grid_square_5x5_three_small], layout_irregular_city,
          minmay_lair_entry_grove, uniq_maurice, uniq_fannar
D:12:     hellmonk_crumbling_castle, layout_irregular_city,
          lightli_fourway_metalbox
D:13:     layout_basic, minmay_misc_feat_tiny, minmay_starry_boxes
D:14:     layout_roguey [special_room_mythical_zoo],
          lightli_vaults_fourway_checkpoint, kennysheep_decorative_pillar,
          uniq_lodul
D:15:     gammafunk_enter_depths_forms, layout_irregular_city,
          hangedman_glass_teeth, uniq_azrael
Lair:1:   layout_loops_ring, hangedman_lair_unloving_vines,
          mumra_transporter_accident, hangedman_lair_generics_rect,
          infiniplex_staircase_pool
Lair:2:   layout_misc_corridors, hellmonk_spider_entry_life_and_decay,
          gauntlet_entry_generic, serial_bayou_shore_a
Lair:3:   layout_misc_corridors, palyth_hydra_swamp_entry,
          gammafunk_ghost_wrathful_warriors, lemuel_fruit_tree,
          infiniplex_staircase_pool_2
Lair:4:   layout_cave_pods, slime_entry_1, grunt_megastairs_2
Lair:5:   wormcave, layout_long_grid, hangedman_lair_in_review, basic_altar,
          grunt_megastairs_3
Swamp:1:  layout_basic_swamp, hangedman_swamp_ruin_wall, swamp_pool5
Swamp:2:  nicolae_swamp_tree_isthmus, layout_basic_swamp,
          evilmike_swamp_ruin_house_4
Swamp:3:  layout_basic_swamp, serial_swamp_ruin, evilmike_swamp_ruin_house_6,
          hangedman_swamp_ruin_hall, evilmike_swamp_ruin_rubble_2, swamp_pool1
Swamp:4:  swamp_basic_johnstein, layout_basic_swamp, swamp_pool3,
          nicolae_swamp_feature_on_the_river_bank
Spider:1: layout_spider_delve, uniq_asterion, uniq_frances, uniq_nikola
Spider:2: nicolae_spider_mines_2
Spider:3: layout_spider_delve, hellmonk_narrow_tunnel,
          hangedman_spider_tarantella_strand, uniq_kirke, uniq_roxanne
Spider:4: johnstein_spider_rune_arachne_lair
Slime:1:  layout_caves
Slime:2:  layout_caves, special_room [special_room_jelly]
Slime:3:  layout_caves, dissolution_awaits
Slime:4:  layout_caves
Slime:5
Orc:1:    layout_caves, biasface_ghost_orc_armoury
Orc:2:    st_orc_congregation, layout_caves, nicolae_orc_damp_corner,
          uniq_erolcha
Elf:1:    minmay_elf_arrival_summoners, layout_loops_corners, minivault_28,
          drop_trap, david_defended_altar_elf
Elf:2:    nicolae_elf_blades_splatter_lattice
          [nicolae_blade_entry_sentries_behind_glass], layout_rooms, basic_altar
Elf:3:    minmay_elf_hall_circle, layout_onion_city, ebering_ghost_inner_flame
Vaults:1: v_misc_1, nicolae_vaults_network_square, nicolae_vaults_shelves_hall,
          nicolae_vaults_quadrants, nicolae_vaults_network_barrier,
          vaults_room_fours, hangedman_vaults_maws, grunt_vaults_diagonal,
          layout_vaults_omnigrid, serial_shops, bzr_in_the_mist, shop_fountains,
          shop_fountains, nicolae_shop_bloodbath_and_beyond, shop
Vaults:2: vaults_standard_mumra_x, vaults_room_pools,
          ontoclasm_vaults_ring_square, v_misc_23, v_misc_2,
          dpeg_vaults_monster_row, hangedman_vaults_stitches,
          blue_anna_dwarven_crypt, vaults_room_door_ring, grunt_vaults_funnel,
          vaults_dpeg_diagonal, ontoclasm_vaults_chip, v_misc_24,
          nicolae_vaults_shelves_hall, nicolae_vaults_asterisk,
          special_room_vaults [special_room_orc], layout_vaults_big_room,
          serial_shops, nicolae_shop_competitors_out_of_business
Vaults:3: vaults_mumra_bighexcomb, nicolae_vaults_circle_grid_a,
          hangedman_vaults_stream, ontoclasm_vaults_ring_square,
          nicolae_vaults_little_ls, ontoclasm_vaults_pinch,
          nicolae_vaults_circle_grid_a, nicolae_vaults_little_squares_6,
          v_misc_31, ontoclasm_vaults_fault, vaults_dpeg_spiral,
          nicolae_vaults_sealed_display, nicolae_vaults_rhombus_6,
          layout_vaults_omnibox
Vaults:4: hangedman_vaults_capsules, nicolae_vaults_little_squares_3,
          v_pattern_2, vaults_mumra_minichess, st_more_cells, v_misc_29,
          vaults_room_pool, nicolae_vaults_big_angled_halls,
          nicolae_vaults_twisting_passages, v_misc_23, hangedman_vaults_slice,
          layout_vaults_ring
Vaults:5: uniq_sojobo
Depths:1: layout_basic, kennysheep_minor_cross, pan_entry, grunt_mini_vestibule,
          minivault_12, minmay_shoptagon, uniq_aizul
Depths:2: cheibrodos_tormentor_scu, layout_gridlike, enter_ziggurat_f,
          rand_demon_pan_entry_7, nrook_mini_vaults,
          nicolae_trove_entry_diagonal, hell_entry,
          infiniplex_staircase_squiggle
Depths:3: kennysheep_spiral_hall, layout_cave_shapes, abyss_entry_glasseish,
          chequers_serial_rivers_room_b, pf_hell_entry_tar_spiral,
          infiniplex_staircase_x
Depths:4: grunt_zot_entry_pinwheel, layout_gridlike, serial_aquarium,
          aquarium_bridge_island_small [aquarium_subvault_small_open,
          aquarium_subvault_wall, aquarium_subvault_bridge,
          aquarium_subvault_balcony, aquarium_subvault_wall],
          aquarium_window_corridor_1, aquarium_window_1, aquarium_window_fake,
          aquarium_view_2d, aquarium_view_2d, special_room
          [special_room_mythical_zoo], abyss_entry,
          pf_vacation_house_of_asmodeus, uniq_margery, uniq_mennas
Zot:1:    grunt_zot_stairs_mandelzot, layout_gridlike
Zot:2:    layout_twisted_circle, st_small_dragon_hoard_2, uniq_josephina,
          uniq_vv
Zot:3:    minmay_elemental_castle, layout_basic, grunt_ministairs_4
Zot:4:    layout_cathedral_of_symmetry, gammafunk_ghost_berserking_beasts,
          uniq_parghit
Zot:5:    layout_misc_corridors, grunt_ministairs_10

Skill      XL: |  1  2  3  4  5  6  7  8  9 10 11 12 13 14 15 16 17 18 19 20 21 22 23 24 25 26 27 |
---------------+----------------------------------------------------------------------------------+-----
Stealth        | 2 3 4 5 6 |  6.4
Ranged Weapons | 6 7 8 10 12 17 18 20 24 26 27 | 27.0
Armour         | 1 4 7 10 11 13 15 16 17 | 17.8
Dodging        | 3 4 5 7 9 10 12 13 14 17 18 19 20 21 25 | 25.3
Evocations     | 2 3 9 12 13 | 13.9
Spellcasting   | 6 7 13 | 13.4
Fighting       | 5 8 9 11 14 16 19 | 19.1
Hexes          | 3 7 10 | 10.2
Ice Magic      | 3 5 |  5.1
Translocations | 7 8 9 |  9.8
Necromancy     | 1 4 8 11 | 11.8
Earth Magic    | 1 4 5 7 10 12 13 14 | 14.9
Transmutations | 1 7 9 11 | 11.7

Action                   |  1- 3 |  4- 6 |  7- 9 | 10-12 | 13-15 | 16-18 | 19-21 | 22-24 | 25-27 || total
-------------------------+-------+-------+-------+-------+-------+-------+-------+-------+-------++-------
Melee: Triple crossbow   |       |       |       |       |     2 |       |       |       |       ||     2
 Fire: Shortbow          |    71 |   143 |   280 |       |       |       |       |       |       ||   494
       Arbalest          |       |       |    34 |    88 |   734 |       |       |       |       ||   856
       Triple crossbow   |       |       |       |       |   162 |   976 |  1216 |  1155 |  1892 ||  5401
 Cast: Ozocubu's Armour  |       |       |       |       |     2 |       |       |       |       ||     2
       Portal Projectile |       |       |       |       |       |       |     4 |     4 |     9 ||    17
       Leda's Liquefacti |       |       |       |       |       |       |       |       |     4 ||     4
       Borgnjor's Vile C |       |       |       |       |       |       |       |       |     7 ||     7
Invok: Call Merchant     |       |       |       |       |     1 |     4 |       |     3 |     4 ||    12
       Bribe Branch      |       |       |       |       |       |       |       |       |     3 ||     3
 Abil: Evoke Blink       |       |       |       |       |       |       |       |       |     1 ||     1
Evoke: Wand              |       |       |    18 |     1 |    32 |     9 |     7 |     8 |    12 ||    87
       Condenser vane    |       |       |       |       |     1 |     1 |     3 |     2 |     6 ||    13
       Box of beasts     |       |       |       |       |       |       |     3 |     1 |     1 ||     5
       Lightning rod     |       |       |       |       |       |       |     4 |       |     5 ||     9
       Phantom mirror    |       |       |       |       |       |       |       |       |     2 ||     2
  Use: Scroll            |     1 |     6 |    14 |     2 |    17 |     9 |    14 |     3 |    21 ||    87
       Potion            |       |     1 |     2 |     2 |     6 |     4 |    10 |       |    33 ||    58
Armor: Leather armour    |    10 |    19 |    24 |     2 |    65 |    28 |       |       |       ||   148
       Ring mail         |       |       |       |       |       |    27 |       |       |       ||    27
       Shadow dragon sca |       |       |       |       |       |    97 |   507 |   259 |   429 ||  1292
Dodge: Dodged            |    24 |    69 |   190 |    28 |   607 |   444 |  1101 |   865 |  1779 ||  5107
Block: Other             |       |       |       |       |       |    97 |   451 |   244 |   443 ||  1235
